 Dungeon Crawl Stone Soup version 0.27.1 (webtiles) character file.

Game seed: 7871815657659504578

53 Descartes the Sneak (level 3, 0/29 HPs)
             Began as a Demigod Wanderer on Aug 30, 2021.
             Succumbed to an adder's poison
             ... on level 2 of the Dungeon.
             The game lasted 00:07:07 (1973 turns).

Descartes the Sneak (Demigod Wanderer)              Turns: 1973, Time: 00:07:07

Health: 0/29       AC:  3    Str: 16    XL:     3   Next: 42%
Magic:  5/5        EV: 11    Int: 16    God:
Gold:   33         SH:  0    Dex: 12    Spells: 2/2 levels left

rFire    . . .     SeeInvis .   i - staff of earth
rCold    . . .     Faith    .   (no shield)
rNeg     . . .     Spirit   .   c - +0 leather armour
rPois    .         Reflect  .   (no helmet)
rElec    .         Harm     .   (no cloak)
rCorr    .         Rampage  .   (no gloves)
Will     .....                  (no boots)
Stlth    ++........             (no amulet)
HPRegen  0.09/turn              (no ring)
MPRegen  0.09/turn              (no ring)

@: lethally poisoned (0 -> -7)
A: high mp 1, forlorn
a: no special abilities


You were on level 2 of the Dungeon.
You visited 1 branch of the dungeon, and saw 2 of its levels.

You collected 33 gold pieces.

Inventory:

Hand Weapons
 a - a +0 quarterstaff
 e - a +0 dagger
Missiles
 b - 3 throwing nets (quivered)
 d - 11 poisoned darts
Armour
 c - a +0 leather armour (worn)
Magical Staves
 i - a staff of earth (weapon)
Scrolls
 f - a scroll of noise {unknown}
 h - a scroll of teleportation {unknown}
Potions
 g - a potion of curing {unknown}


   Skills:
 - Level 1.7 Fighting
 - Level 1.7 Throwing
 - Level 1.7 Dodging
 + Level 4.5 Stealth
 - Level 1.0 Unarmed Combat


You had 2 spell levels left.
You didn't know any spells.
Your spell library was empty.

Dungeon Overview and Level Annotations

Branches:
Dungeon (2/15)


Innate Abilities, Weirdness & Mutations

Your attributes grow dramatically as you level up.
You have an increased reservoir of magic. (+10% MP)
You shall have no god before yourself.


Message History

The adder bites you.
You closely miss the adder.
The hobgoblin hits you but does no damage.
The adder bites you but does no damage. The hobgoblin hits you.
You miss the adder. The adder bites you.
You are poisoned.
The adder poisons you! The hobgoblin hits you. The adder closely misses you.
The endoplasm freezes you.
You are frozen.
You are too injured to fight recklessly!
You are too injured to fight recklessly!
You are too injured to fight recklessly!
You are too injured to fight recklessly!
You are too injured to fight recklessly!
You are too injured to fight recklessly!
You are too injured to fight recklessly!
You are too injured to fight recklessly!
You are too injured to fight recklessly!
You are too injured to fight recklessly!
You are too injured to fight recklessly!
You are too injured to fight recklessly!
You are too injured to fight recklessly!
You are too injured to fight recklessly!
You are too injured to fight recklessly!
You are too injured to fight recklessly!
You are too injured to fight recklessly!
You are too injured to fight recklessly!
You feel sick.
You feel sick.
You feel sick.
You feel sick. The adder bites you but does no damage.
You feel sick.
You are no longer poisoned.
The adder bites you.
* * * LOW HITPOINT WARNING * * *
The adder bites you.
* * * LOW HITPOINT WARNING * * *
You are lethally poisoned!
The adder poisons you!
You die...

##......g.......#
#...............#
#......##..#....#
#..........#.####
###...g........
#....J.#...##
#....S.#.#####.#
#......#.......#
#....@.#.#
#......#.#
#......#†#
#####.##.#
.##########..#.##
#.............._.#
#................#
#............#⌠..#
#............#..##


You could see an adder, an endoplasm and a hobgoblin.

Vanquished Creatures
  A gnoll (D:1)
  A dart slug (D:1)
  5 ball pythons
  2 endoplasms
  4 goblins
  5 hobgoblins (D:1)
  4 jackals (D:1)
  A quokka (D:1)
  A bat (D:2)
  4 frilled lizards
  4 kobolds
  9 rats
41 creatures vanquished.

Notes
Turn   | Place    | Note
-------+----------+-------------------------------------------
     0 | D:1      | Descartes the Demigod Wanderer began the quest for the Orb.
     0 | D:1      | Descartes set off with the following items: a +0
                  | quarterstaff, 3 throwing nets, a +0 leather armour, 11
                  | poisoned darts, a +0 dagger
     0 | D:1      | Reached XP level 1. HP: 17/17 MP: 3/3
   213 | D:1      | Reached skill level 3 in Stealth
   413 | D:1      | Reached XP level 2. HP: 15/24 MP: 4/4
  1241 | D:1      | Reached skill level 4 in Stealth
  1479 | D:1      | Reached XP level 3. HP: 17/29 MP: 5/5
  1973 | D:2      | Succumbed to an adder's poison

Illustrated notes

Levels and vault maps discovered:
D:1:      dpeg_arrival_ratfight, layout_loops_cross, minmay_tree_intersection
D:2:      layout_basic, serial_shops, shop, ebering_ecumenical_altar_abandoned,
          minmay_goblin_kobold_house, uniq_crazy_yiuf_cottage

Skill      XL: |  1  2 |
---------------+-------+-----
Stealth        | 3 4 |  4.5
Fighting       | |  1.7
Throwing       | |  1.7
Dodging        | |  1.7
Unarmed Combat | |  1.0

Action                   || total
-------------------------++-------
Melee: Quarterstaff      ||   107
       Staff             ||     8
 Stab: Sleeping          ||     9
       Distracted        ||     1
Armor: Leather armour    ||    23
Dodge: Dodged            ||    76
